 Dungeon Crawl Stone Soup version 0.28-a0-312-gbced6e68ee (webtiles) character file.

Game seed: 12221861935604679119

67 dolemite99 the Chopper (level 4, 0/39 HPs)
             Began as a Hill Orc Fighter on Aug 31, 2021.
             Slain by a kobold (4 damage)
             ... on level 2 of the Dungeon.
             The game lasted 00:01:20 (1204 turns).

dolemite99 the Chopper (Hill Orc Fighter)           Turns: 1204, Time: 00:01:21

Health: 0/39       AC:  9    Str: 19    XL:     4   Next: 16%
Magic:  4/4        EV:  5    Int:  8    God:
Gold:   12         SH:  0    Dex: 10    Spells: 3/3 levels left

rFire   + . .      SeeInvis .   a - +0 war axe
rCold   + . .      Faith    .   c - +0 kite shield
rNeg    . . .      Spirit   .   o - +0 chain mail
rPois   +          Reflect  .   (no helmet)
rElec   +          Harm     .   (no cloak)
rCorr   +          Rampage  .   (no gloves)
Will    .....                   (no boots)
Stlth   ..........              (no amulet)
HPRegen 0.13/turn               (no ring)
MPRegen 0.09/turn               (no ring)

@: confused, mighty, resistant
A: no striking features
a: no special abilities


You were on level 2 of the Dungeon.
You visited 1 branch of the dungeon, and saw 2 of its levels.

You collected 56 gold pieces.
You spent 44 gold pieces at shops.

Inventory:

Hand Weapons
 a - a +0 war axe (weapon)
Missiles
 f - 79 stones (quivered)
Armour
 b - a +0 scale mail
 c - a +0 kite shield (worn)
 o - a +0 chain mail (worn)
Jewellery
 m - a ring of positive energy
Scrolls
 e - a scroll of vulnerability {unknown}
 g - a scroll of fear {unknown}
 h - a scroll of noise {unknown}
 i - a scroll of enchant armour {unknown}
 l - 2 scrolls of identify {unknown}
Potions
 n - a potion of flight


   Skills:
 - Level 3.6 Fighting
 + Level 5.7 Axes
 - Level 3.2 Armour
 - Level 3.2 Shields


You had 3 spell levels left.
You didn't know any spells.
Your spell library was empty.

Dungeon Overview and Level Annotations

Branches:
Dungeon (2/15)

Altars:
Sif Muna

Shops:
D:2 !

Annotations:
D:2 Sigmund


Message History

Deactivating autopickup; reactivate with Ctrl-A.
The kobold hits you with a +0 short sword.
A quokka comes into view.
Something hits you.
You hit the kobold.
You kill the kobold!
Something hits you!
Things that are here:
a +0 short sword; a stone You slash something!
You hear an angry hiss.
A kobold comes into view. It is wielding a +0 whip.
Something hits you.
You feel very mighty all of a sudden. Something hits you.
You slash something! You miss the kobold.
An adder comes into view.
The kobold hits you with a +0 whip. Something hits you but does no damage.
The adder moves out of view.
You barely miss something. You closely miss the kobold.
You block the kobold's attack. You block something's attack.
The kobold hits you with a +0 whip.
* * * LOW HITPOINT WARNING * * *
It was a potion of resistance.
You feel protected. The kobold hits you but does no damage.
You hear some strange, mumbled words.
You are confused.
It was a potion of magic.
Magic courses through your body. The kobold hits you with a +0 whip.
* * * LOW HITPOINT WARNING * * *
Something hits you but does no damage.
You bump into the metal wall.
The kobold hits you but does no damage.
You bump into the metal wall.
You hear some strange, mumbled words.
A magic dart appears from out of thin air!
The magic dart hits you.
* * * LOW HITPOINT WARNING * * *
The kobold hits you with a +0 whip.
You die...

#...#.### ###..#.##
###.. .####.#
#.....#.## #..##
......# ###..#..#.##
###..# ##.####
#..##.#..#.## #..###
.#.######
###..##.#..#)#####..#.
........#
#..#####.#..#.##..###.
........#
###..#r.##.#†.#.##..#..
.._.....#
#..###K{S##.#..#÷.###.#
........####..#.@#
##.#†..).#..#
)....^>.##..###.##
##.#..###...
..#########..#..#
##.#..#..## .##
#..###.## ##..##...# .#
#...'..# ##.'..#.. .##
##.##### ########
#.########..#
##.##.∩.)...#
##....!.####


You could see an adder, a quokka and a kobold.

Vanquished Creatures
  Natasha (D:2)
  A worm (D:2)
  2 dart slugs (D:1)
  3 ball pythons (D:1)
  5 goblins
  4 hobgoblins
  3 quokkas
  4 bats
  4 frilled lizards
  6 kobolds
  A rat (D:1)
34 creatures vanquished.

Notes
Turn   | Place    | Note
-------+----------+-------------------------------------------
     0 | D:1      | dolemite99 the Hill Orc Fighter began the quest for the
                  | Orb.
     0 | D:1      | Reached XP level 1. HP: 19/19 MP: 1/1
   131 | D:1      | Reached skill level 3 in Axes
   235 | D:1      | Reached XP level 2. HP: 26/26 MP: 2/2
   337 | D:1      | Reached skill level 4 in Axes
   726 | D:2      | Reached XP level 3. HP: 31/31 MP: 3/3
   837 | D:2      | Noticed Natasha
   845 | D:2      | Killed Natasha
   846 | D:2      | Reached skill level 5 in Axes
  1006 | D:2      | Reached XP level 4. HP: 38/39 MP: 4/4
  1063 | D:2      | Found Fevvot's Distillery.
  1078 | D:2      | Bought a potion of degeneration for 11 gold pieces
  1078 | D:2      | Bought a potion of flight for 33 gold pieces
  1093 | D:2      | Found a shimmering blue altar of Sif Muna.
  1193 | D:2      | Noticed Sigmund
  1204 | D:2      | Slain by a kobold

Illustrated notes

Levels and vault maps discovered:
D:1:      minmay_arrival_up_and_down, layout_rooms
D:2:      minmay_razor_zed, layout_loops_cross, serial_shops, shop,
          dreamdust_ecumenical_altar_hidden_monk_grotto, basic_altar,
          uniq_jessica, uniq_natasha, uniq_sigmund

Skill      XL: |  1  2  3 |
---------------+----------+-----
Axes           | 3 4 5 |  5.7
Fighting       | |  3.6
Armour         | |  3.2
Shields        | |  3.2

Action                   |  1- 3 |  4- 6 || total
-------------------------+-------+-------++-------
Melee: War axe           |   106 |    11 ||   117
Throw: Stone             |    26 |     5 ||    31
  Use: Potion            |       |     3 ||     3
Armor: Scale mail        |    62 |     1 ||    63
       Chain mail        |       |     8 ||     8
Dodge: Dodged            |    43 |     5 ||    48
Block: Kite shield       |    69 |     4 ||    73

Table legend: (Time is in decaauts)
 A = Elapsed time spent in this place.
 B = Non-inter-level travel time spent in this place.
 C = Inter-level travel time spent in this place.
 D = Time resting spent in this place.
 E = Time spent auto-exploring this place.
 F = Levels seen in this place.
 G = Mean time per level.
                   A        B        C        D        E       F      G
               +--------+--------+--------+--------+--------+-----+--------+
         Total |   1276 |   1270 |      6 |    217 |    631 |   2 |  638.0 |
       Dungeon |   1276 |   1270 |      6 |    217 |    631 |   2 |  638.0 |
               +--------+--------+--------+--------+--------+-----+--------+

Top non-repeatable levels by time:
     D:1: 766 daAuts
     D:2: 510 daAuts
